[Event "Titled Tuesday Blitz July 4 Late 2023"]
[White "Pranav, V"]
[Black "Plat, Vojtech"]
[WhiteFideId "25060783"]
[BlackFideId "325740"]
[WhiteElo "2990"]
[BlackElo "2767"]
[Result "0-1"]
[Round "6"]
[TimeControl "180+2"]
[Date "2023.07.04"]
[WhiteClock "0:00:01"]
[BlackClock "0:00:08"]
[Board "12"]

1. e4 e5 2. Nf3 Nf6 3. d4 Nxe4 4. Bd3 d5 5. Nxe5 Be7 6. O-O O-O 7. Nc3 Nf6 8. Re1 c6 9. Ne2 Nbd7 10. Ng3 Re8 11. h3 Bf8 12. Bf4 g6 13. Qf3 Bg7 14. Bg5 Nf8 15. c3 Ne6 16. Bd2 Qc7 17. Re2 Bd7 18. Rae1 Re7 19. h4 Rae8 20. h5 c5 21. h6 Bh8 22. Be3 a6 23. Rd1 Ba4 24. Ra1 Bb5 25. Bxb5 axb5 26. Rd1 b4 27. Nd3 bxc3 28. bxc3 Ne4 29. Rc1 Nxg3 30. fxg3 cxd4 31. cxd4 Nxd4 32. Bxd4 Bxd4+ 33. Kh2 Qd6 34. Rxe7 Qxe7 35. Qxd5 Rd8 36. Re1 Qf8 37. Qg5 Rd5 38. Ne5 Rxe5 39. Rxe5 f6 40. Qf4 Bxe5 41. Qc4+ Kh8 42. Qh4 g5 43. Qh5 Kg8 44. Kh1 Qf7 45. Qh3 Qd5 46. Qf5 Qd8 47. Qe6+ Kf8 48. Qf5 Qe7 49. Qc8+ Kf7 50. Qf5 Ke8 51. Qc8+ Qd8 52. Qe6+ Kf8 53. Qf5 Bxg3 54. Qf3 Be5 55. Qxb7 Qd1# 0-1


[Site "https://www.chess.com"]

[Event "Titled Tuesday Blitz July 4 Late 2023"]
[White "Morefield, Jason"]
[Black "Sjugirov, Sanan"]
[WhiteFideId "30920825"]
[BlackFideId "4189302"]
[WhiteElo "2762"]
[BlackElo "2965"]
[Result "1/2-1/2"]
[Round "6"]
[TimeControl "180+2"]
[Date "2023.07.04"]
[WhiteClock "0:00:02"]
[BlackClock "0:00:05"]
[Board "13"]

1. d4 Nf6 2. c4 e6 3. Nf3 d5 4. Nc3 Nbd7 5. Bf4 Bb4 6. e3 c5 7. cxd5 Nxd5 8. Qb3 Qa5 9. Rc1 cxd4 10. Nxd4 Bxc3+ 11. bxc3 Nxf4 12. exf4 O-O 13. Be2 Qc7 14. g3 b6 15. Bf3 Bb7 16. O-O Nc5 17. Qc2 Bxf3 18. Nxf3 h6 19. Rfd1 Rfd8 20. Rd4 Rac8 21. Rcd1 Rxd4 22. cxd4 Nd7 23. Qe2 Qc4 24. Qd2 Nf6 25. Ne5 Qd5 26. Rc1 Qb7 27. Rc2 Nd5 28. Qc1 Rxc2 29. Qxc2 Ne7 30. Qa4 b5 31. Qa5 Qb8 32. Nd7 Qc8 33. Qxb5 Nf5 34. d5 Nd4 35. Qa4 Nf3+ 36. Kg2 Ne1+ 37. Kf1 Qc1 38. Qc6 Qd1 39. Qc8+ Kh7 40. Nf8+ Kg8 41. Nxe6+ Kh7 42. Nf8+ Kg8 43. Ng6+ Kh7 44. Nf8+ Kg8 45. Ne6+ Kh7 46. Nf8+ 1/2-1/2


[Site "https://www.chess.com"]

[Event "Titled Tuesday Blitz July 4 Late 2023"]
[White "Fernandez Guillen, Ernesto J."]
[Black "Makarian, Rudik"]
[WhiteFideId "3512428"]
[BlackFideId "44105681"]
[WhiteElo "2737"]
[BlackElo "2953"]
[Result "1-0"]
[Round "6"]
[TimeControl "180+2"]
[Date "2023.07.04"]
[WhiteClock "0:00:07"]
[BlackClock "0:00:06"]
[Board "14"]

1. e4 c5 2. Nf3 Nc6 3. Nc3 Nf6 4. e5 Ng4 5. Qe2 d6 6. exd6 e6 7. Ne4 Bxd6 8. h3 Nf6 9. Nxf6+ Qxf6 10. c3 O-O 11. g3 e5 12. d3 Bf5 13. Ng5 Rad8 14. Bg2 Be7 15. Ne4 Qe6 16. g4 Bg6 17. h4 f5 18. Ng5 Qd6 19. h5 Be8 20. gxf5 Rxf5 21. Qg4 Bd7 22. Qc4+ Kh8 23. Nf7+ Rxf7 24. Qxf7 Be6 25. Qf3 e4 26. Qxe4 Ne5 27. O-O Nxd3 28. Be3 Bf6 29. Rad1 c4 30. b3 b5 31. bxc4 bxc4 32. Bd4 Bxd4 33. Qxd4 Qxd4 34. cxd4 Rxd4 35. Rfe1 Rd6 36. Be4 Bf7 37. Bxd3 cxd3 38. Re3 h6 39. Rdxd3 Rxd3 40. Rxd3 Bxa2 41. Ra3 Bf7 42. Ra5 Kh7 43. Kh2 a6 44. Kg3 Be8 45. Kh4 Bb5 46. f4 Kg8 47. Ra3 Kf7 48. Re3 Kf6 49. Re5 Bd7 50. Kg3 Bb5 51. Kf2 Bd7 52. Ke3 Bc6 53. Kd4 Bd7 54. Kc5 Bh3 55. Kd6 Bg4 56. Ra5 Bh3 57. Kc7 Bg4 58. Kd8 Kf7 59. Kc7 Kf6 60. Kd6 Bf3 61. Re5 Bg4 62. Kd5 Bf3+ 63. Kd4 Bg4 64. Ke3 Bd7 65. Ra5 Bb5 66. Ke4 Bc6+ 67. Ke3 Bb5 68. Kf3 Bc6+ 69. Kg4 Bb5 70. Ra2 Bd7+ 71. Kg3 Bb5 72. Rd2 Kf7 73. Rd6 Be2 74. Rd5 Bb5 75. Rc5 Kf6 76. Kf3 Kf7 77. Ke4 Kf6 78. Ke3 Kf7 79. Kf3 Kf6 80. Ke4 Ke6 81. f5+ Kf6 82. Kf4 Be8 83. Ra5 Bxh5 84. Rxa6+ Kf7 85. Ke5 Bg4 86. Ra7+ Kg8 87. f6 gxf6+ 88. Kxf6 Be2 89. Rg7+ Kh8 90. Rd7 Bc4 91. Kg6 h5 92. Rd8+ Bg8 93. Rd4 Bb3 94. Rd7 h4 95. Rh7+ Kg8 96. Rxh4 Bc2+ 97. Kf6 Bb3 98. Rb4 Ba2 99. Rg4+ Kh8 100. Kg6 Bb1+ 101. Kh6 Ba2 102. Rg7 Bd5 103. Kg6 Be4+ 104. Kh6 Bd5 105. Re7 Bc4 106. Re8+ Bg8 107. Re3 Bc4 108. Kg6 Bd5 109. Rh3+ Kg8 110. Rh4 Bb3 111. Rh2 Bc4 112. Rd2 Bb3 113. Rd8# 1-0


[Site "https://www.chess.com"]

[Event "Titled Tuesday Blitz July 4 Late 2023"]
[White "Ashraf, Artin"]
[Black "Oparin, Grigoriy"]
[WhiteFideId "22514805"]
[BlackFideId "24125890"]
[WhiteElo "2723"]
[BlackElo "2952"]
[Result "1-0"]
[Round "6"]
[TimeControl "180+2"]
[Date "2023.07.04"]
[WhiteClock "0:00:03"]
[BlackClock "0:00:10"]
[Board "15"]

1. Nf3 c5 2. e3 Nf6 3. c4 e6 4. Nc3 Nc6 5. d4 d5 6. a3 dxc4 7. Bxc4 a6 8. dxc5 Qxd1+ 9. Kxd1 Bxc5 10. b4 Ba7 11. Bb2 O-O 12. Ke2 b5 13. Bd3 Bb7 14. Ne4 Nxe4 15. Bxe4 Nd4+ 16. Bxd4 Bxe4 17. Bxa7 Rxa7 18. Rac1 a5 19. Rhd1 axb4 20. axb4 h6 21. Rd4 Ra2+ 22. Rd2 Rfa8 23. Rc5 Bd5 24. Rxa2 Rxa2+ 25. Ke1 Bc4 26. Nd4 Bd3 27. Rc3 Bc4 28. Rc2 Ra1+ 29. Kd2 e5 30. Nc6 f6 31. Na5 Bd5 32. f3 Rg1 33. Kd3 Rd1+ 34. Ke2 Rb1 35. e4 Bf7 36. Nc6 Bc4+ 37. Kf2 h5 38. h4 Kf7 39. Rd2 Be6 40. Nd8+ Ke7 41. Nc6+ Ke8 42. Rd8+ Kf7 43. Rb8 Bc4 44. Rb7+ Kf8 45. Rb8+ Kf7 46. Rb7+ Kg8 47. Ne7+ Kf8 48. Ng6+ Ke8 49. Re7+ Kd8 50. Rxg7 Rxb4 51. g4 Rb2+ 52. Kg3 hxg4 53. h5 gxf3 54. h6 Rg2+ 55. Kxf3 Rh2 56. h7 b4 57. h8=Q+ Rxh8 58. Nxh8 b3 59. Rg2 Ke7 60. Ng6+ Kd6 61. Nh4 Kc5 62. Ke3 Kb4 63. Kd2 Bb5 64. Kc1 Bd3 65. Kb2 Kc4 66. Rf2 Bxe4 67. Rxf6 Bc2 68. Nf3 e4 69. Ne1 Bd1 70. Rc6+ Kd5 71. Rc8 Ke5 72. Rd8 Bg4 73. Kxb3 e3 74. Kc3 Kf4 75. Nd3+ Ke4 76. Re8+ Kf3 77. Ne5+ Kf4 78. Nxg4 e2 79. Rxe2 1-0


[Site "https://www.chess.com"]

[Event "Titled Tuesday Blitz July 4 Late 2023"]
[White "Keymer, Vincent"]
[Black "Jaracz, Pawel"]
[WhiteFideId "12940690"]
[BlackFideId "1102222"]
[WhiteElo "2946"]
[BlackElo "2716"]
[Result "1-0"]
[Round "6"]
[TimeControl "180+2"]
[Date "2023.07.04"]
[WhiteClock "0:01:02"]
[BlackClock "0:00:00"]
[Board "16"]

1. a3 a6 2. d4 d5 3. Bf4 Bf5 4. c4 c6 5. Qb3 b5 6. c5 Nd7 7. Nf3 f6 8. e3 e5 9. Bg3 Nh6 10. Nc3 Nf7 11. Be2 Be7 12. O-O O-O 13. a4 Bg4 14. h3 Bf5 15. Rfd1 Qc8 16. Rac1 e4 17. Nh4 Bg6 18. axb5 axb5 19. Bg4 Qe8 20. Nxd5 cxd5 21. Qxd5 Rd8 22. Qb3 Kh8 23. c6 Nb6 24. Bc7 Nd5 25. Bxd8 Qxd8 26. Qxb5 Nc7 27. Qa5 Bd6 28. b4 Qe7 29. b5 Ra8 30. Qb6 Ne8 31. Qb7 Qxb7 32. cxb7 Rb8 33. Rc8 Nd8 34. Nxg6+ hxg6 35. Rxb8 Bxb8 36. Rc1 Nxb7 37. Rc8 1-0


[Site "https://www.chess.com"]

[Event "Titled Tuesday Blitz July 4 Late 2023"]
[White "Pulvett Marin, Daniel Eduardo"]
[Black "Chigaev, Maksim"]
[WhiteFideId "3900410"]
[BlackFideId "4108116"]
[WhiteElo "2708"]
[BlackElo "2944"]
[Result "1-0"]
[Round "6"]
[TimeControl "180+2"]
[Date "2023.07.04"]
[WhiteClock "0:00:25"]
[BlackClock "0:00:11"]
[Board "17"]

1. d4 Nf6 2. Nc3 e6 3. Bf4 Bb4 4. e3 Nd5 5. Ne2 Nxf4 6. exf4 d5 7. a3 Be7 8. g3 O-O 9. Bg2 c6 10. O-O Nd7 11. Nc1 Bf6 12. N3e2 Qb6 13. Rb1 a5 14. c3 a4 15. Nd3 c5 16. Ne5 Qc7 17. g4 g5 18. fxg5 Bxg5 19. f4 Bf6 20. Ng3 Bg7 21. g5 f6 22. gxf6 Nxf6 23. Kh1 Kh8 24. Rg1 Bd7 25. Bh3 Rae8 26. Qe2 Bh6 27. Nh5 Ne4 28. Rg2 Bc8 29. Rbg1 cxd4 30. cxd4 Rg8 31. Ng4 Bxf4 32. Ngf6 Nxf6 33. Nxf6 Rxg2 34. Qxg2 Qf7 35. Nxe8 Qxe8 36. Qg7# 1-0


[Site "https://www.chess.com"]

[Event "Titled Tuesday Blitz July 4 Late 2023"]
[White "Nasuta, Grzegorz"]
[Black "Durarbayli, Vasif"]
[WhiteFideId "1141686"]
[BlackFideId "13402935"]
[WhiteElo "2701"]
[BlackElo "2915"]
[Result "1/2-1/2"]
[Round "6"]
[TimeControl "180+2"]
[Date "2023.07.04"]
[WhiteClock "0:00:03"]
[BlackClock "0:00:06"]
[Board "18"]

1. e4 c5 2. Nf3 d6 3. d4 cxd4 4. Nxd4 Nf6 5. Nc3 Nc6 6. f3 e6 7. Be3 Be7 8. Qd2 O-O 9. O-O-O a6 10. g4 Nd7 11. h4 Nxd4 12. Bxd4 b5 13. a3 Bb7 14. g5 Ne5 15. Be2 Nc6 16. Be3 b4 17. axb4 Nxb4 18. Kb1 Qa5 19. Bc4 Rfd8 20. Qf2 Qc7 21. Bb3 Qc8 22. Na4 Rb8 23. Ba7 d5 24. Bxb8 Qxb8 25. Qb6 a5 26. Nc5 Ba8 27. Qxb8 Rxb8 28. Nd7 Rd8 29. Nb6 Bb7 30. exd5 exd5 31. Rd2 Bc5 32. Na4 Be3 33. Re2 d4 34. Rf1 Ba6 35. Rfe1 Bxe2 36. Rxe2 Kf8 37. Bc4 Bf4 38. b3 Bg3 39. h5 Bf4 40. g6 fxg6 41. hxg6 hxg6 42. Nc5 Be3 43. Ne6+ Ke7 44. Nxd8 Kxd8 45. Rh2 Ke7 46. Kb2 Nc6 47. c3 dxc3+ 48. Kxc3 Bd4+ 49. Kd3 Bc5 50. Ke4 Kf6 51. Kd5 Bg1 52. Rg2 Nb4+ 53. Kd6 Be3 54. Rg4 g5 55. Re4 Bf4+ 56. Kd7 Kg6 57. Re6+ Kh5 58. Rb6 Kh4 59. Be6 Kg3 60. Bg4 Nd5 61. Rb5 Nf6+ 62. Ke6 Bd2 63. Kf5 Nxg4 64. fxg4 g6+ 65. Kxg6 Kxg4 66. Rd5 Be3 67. Rxa5 Kf3 68. Rf5+ Ke4 69. b4 g4 70. b5 g3 71. Rf1 g2 72. Re1 g1=Q+ 73. Rxg1 Bxg1 74. b6 Bxb6 1/2-1/2


[Site "https://www.chess.com"]

[Event "Titled Tuesday Blitz July 4 Late 2023"]
[White "Zhigalko, Sergei"]
[Black "Zavgorodniy, Sergiy"]
[WhiteFideId "13502956"]
[BlackFideId "14110148"]
[WhiteElo "2890"]
[BlackElo "2609"]
[Result "1-0"]
[Round "6"]
[TimeControl "180+2"]
[Date "2023.07.04"]
[WhiteClock "0:00:14"]
[BlackClock "0:00:10"]
[Board "19"]

1. e4 c6 2. d4 d5 3. e5 Bf5 4. Nf3 e6 5. Be2 Nd7 6. O-O a6 7. Nbd2 h6 8. Nb3 c5 9. dxc5 Bxc5 10. c4 Ne7 11. Nxc5 Nxc5 12. Be3 Rc8 13. Rc1 Nd7 14. Qb3 O-O 15. Qxb7 Rb8 16. Qxa6 Rxb2 17. Rfe1 Be4 18. Bd4 Rb8 19. Nd2 Nf5 20. Ba7 Rb2 21. Nxe4 dxe4 22. Bf1 Nxe5 23. Rxe4 Qd2 24. Ra1 Qc3 25. Rd1 Ra8 26. h3 Qc2 27. Rde1 Rxa2 28. Qb6 Ng6 29. R4e2 Qxc4 30. Rxe6 Qf4 31. Re8+ Rxe8 32. Rxe8+ Kh7 33. Re1 Nfh4 34. Bb8 Qg5 35. Bg3 Nf5 36. Qc7 Nxg3 37. Qxg3 Qxg3 38. fxg3 Ra7 39. Bd3 Rd7 40. Re3 Kg8 41. Re8+ Nf8 42. Bf5 g6 43. Bxd7 Kg7 44. Ba4 h5 45. Bb3 Nh7 46. Re7 Ng5 47. h4 Nh7 48. Rxf7+ Kh6 49. Ra7 Nf6 50. Bd1 Ne4 51. Kh2 Nc3 52. Bf3 Nb5 53. Rb7 Nd6 54. Rb6 Nc4 55. Ra6 Ne5 56. Be4 Ng4+ 57. Kg1 Ne5 58. Re6 Nc4 59. Rxg6+ Kh7 60. Rc6+ Kg7 61. Rxc4 Kf6 62. Bf3 Kg6 63. Rc1 Kg7 64. Kf2 Kh6 65. Rc5 Kg7 66. Rxh5 Kg6 67. Rg5+ Kh6 68. Ke3 Kh7 69. Kf4 Kh6 70. Kf5 Kh7 71. Kf6 Kh6 72. Kf7 Kh7 73. Rh5# 1-0


[Site "https://www.chess.com"]

[Event "Titled Tuesday Blitz July 4 Late 2023"]
[White "Subelj, Jan"]
[Black "Ter-Sahakyan, Samvel"]
[WhiteFideId "14618583"]
[BlackFideId "13302531"]
[WhiteElo "2607"]
[BlackElo "2867"]
[Result "1/2-1/2"]
[Round "6"]
[TimeControl "180+2"]
[Date "2023.07.04"]
[WhiteClock "0:01:07"]
[BlackClock "0:00:11"]
[Board "20"]

1. e4 c5 2. Nf3 e6 3. g3 d5 4. exd5 exd5 5. Bg2 Qe7+ 6. Qe2 Qxe2+ 7. Kxe2 Nc6 8. Re1 Nf6 9. c3 Be7 10. d4 O-O 11. Kf1 b6 12. Bg5 h6 13. Ne5 hxg5 14. Nxc6 Bd6 15. Ne7+ Bxe7 16. Rxe7 Ba6+ 17. Kg1 Rfe8 18. Re5 Rxe5 19. dxe5 Re8 20. Nd2 Rxe5 21. Nf3 Re7 22. Nxg5 Bd3 23. Bf1 Bxf1 24. Kxf1 g6 25. Re1 Rxe1+ 26. Kxe1 Kg7 27. Ke2 Ne8 28. Nh3 Nc7 29. Nf4 g5 30. Nd3 f6 31. Kf3 Kg6 32. h4 a5 33. hxg5 Kxg5 34. Nf4 a4 35. a3 Kf5 36. g4+ Ke5 37. Nd3+ Ke6 38. Nf4+ Ke5 39. Nd3+ Ke6 40. Ke3 Nb5 41. Nf4+ Ke5 42. Nd3+ Ke6 43. Nf4+ Ke5 44. Ng6+ Ke6 45. Nf4+ 1/2-1/2


[Site "https://www.chess.com"]

[Event "Titled Tuesday Blitz July 4 Late 2023"]
[White "Henriquez Villagra, Cristobal"]
[Black "Sebag, Marie"]
[WhiteFideId "3409350"]
[BlackFideId "617822"]
[WhiteElo "2855"]
[BlackElo "2592"]
[Result "1-0"]
[Round "6"]
[TimeControl "180+2"]
[Date "2023.07.04"]
[WhiteClock "0:00:07"]
[BlackClock "0:00:01"]
[Board "21"]

1. Nf3 d5 2. g3 Nf6 3. Bg2 g6 4. O-O Bg7 5. d4 O-O 6. c3 c6 7. a4 Bf5 8. Nh4 Be4 9. f3 Bxb1 10. Rxb1 h6 11. Qd3 e6 12. Bh3 Qe7 13. e4 g5 14. e5 gxh4 15. exf6 Qxf6 16. f4 Nd7 17. Be3 Kh8 18. Kh1 Rg8 19. g4 Qg6 20. f5 exf5 21. g5 f4 22. Bf5 Qh5 23. Rxf4 hxg5 24. Bg4 Qg6 25. Bf5 Qh5 26. Rf2 Nf6 27. Rg1 Bh6 28. h3 Rae8 29. Rfg2 Ne4 30. Bf2 Re7 31. Be1 Rge8 32. Bg4 Qg6 33. Qf3 Nd6 34. Bd2 Ne4 35. Be1 Rf8 36. Bf5 Qg7 37. Bxh4 f6 38. Be1 Qf7 39. h4 Kg7 40. Rh2 Rh8 41. c4 Kf8 42. Bb4 c5 43. dxc5 a5 44. Ba3 Ke8 45. c6 bxc6 46. Bxe7 Qxe7 47. cxd5 cxd5 48. hxg5 fxg5 49. Re1 Bg7 50. Rxh8+ Bxh8 51. Bxe4 dxe4 52. Rxe4 Be5 53. Qf5 1-0


[Site "https://www.chess.com"]

[Event "Titled Tuesday Blitz July 4 Late 2023"]
[White "Oro, Faustino"]
[Black "Vovk, Orest"]
[WhiteFideId "20000197"]
[BlackFideId "14113490"]
[WhiteElo "2830"]
[BlackElo "2584"]
[Result "0-1"]
[Round "6"]
[TimeControl "180+2"]
[Date "2023.07.04"]
[WhiteClock "0:00:02"]
[BlackClock "0:00:04"]
[Board "22"]

1. Nf3 h6 2. e4 g5 3. d4 Bg7 4. Nc3 c5 5. Be3 g4 6. Nh4 Nc6 7. d5 Nd4 8. Bd3 d6 9. O-O e5 10. Nf5 Nxf5 11. exf5 Nf6 12. Ne4 Nxe4 13. Qxg4 Ng5 14. h4 h5 15. Qg3 f6 16. hxg5 fxg5 17. Bxg5 Bf6 18. Bb5+ Bd7 19. Bxd7+ Kxd7 20. Be3 Qe7 21. Qh3 Rag8 22. c3 Rg4 23. b4 c4 24. Bxa7 Rhg8 25. g3 h4 26. Be3 hxg3 27. Rfe1 Rh4 28. Qf1 gxf2+ 29. Kxf2 Rh2+ 30. Kf3 Qf7 31. Rad1 Qh5+ 32. Ke4 Qg4+ 33. Bf4 exf4 34. Qxf4 Re8# 0-1


[Site "https://www.chess.com"]

[Event "Titled Tuesday Blitz July 4 Late 2023"]
[White "musclemonster12"]
[Black "Stribuk, Artiom"]
[BlackFideId "13515659"]
[WhiteElo "2537"]
[BlackElo "2815"]
[Result "1-0"]
[Round "6"]
[TimeControl "180+2"]
[Date "2023.07.04"]
[WhiteClock "0:00:27"]
[BlackClock "0:00:00"]
[Board "23"]

1. Nf3 Nf6 2. b3 g6 3. Bb2 Bg7 4. g3 O-O 5. Bg2 d5 6. O-O c6 7. c4 Nbd7 8. e3 Re8 9. d4 Ne4 10. Nc3 Ndf6 11. Nxe4 Nxe4 12. Nd2 Nf6 13. Rc1 Bf5 14. Qe2 h5 15. b4 Bg4 16. Qd3 h4 17. Nf3 h3 18. Bh1 Bf5 19. Qe2 Qd6 20. c5 Qc7 21. a4 Nd7 22. Nh4 Be6 23. f4 Nf6 24. f5 Bxf5 25. Nxf5 gxf5 26. Rxf5 e6 27. Rf2 e5 28. Rcf1 Re7 29. Rxf6 Bxf6 30. Rxf6 Qd7 31. dxe5 Rae8 32. Bf3 d4 33. Bxd4 Rxe5 34. Bxe5 Rxe5 35. Bg4 Qe7 36. Qf2 Rxe3 37. Bxh3 Re1+ 38. Bf1 Kg7 39. Rf4 Qe5 40. Qd4 Qxd4+ 41. Rxd4 Ra1 42. a5 Rb1 43. Kg2 a6 44. h4 Rb2+ 45. Kf3 Kf6 46. Bd3 Ke5 47. Ke3 f5 48. Rf4 Rb3 49. Rxf5+ Ke6 50. Rf4 Ke5 51. h5 1-0


[Site "https://www.chess.com"]

[Event "Titled Tuesday Blitz July 4 Late 2023"]
[White "Dixit, Nikhil"]
[Black "Talibov, Shiroghlan"]
[WhiteFideId "5059534"]
[BlackFideId "13429078"]
[WhiteElo "2516"]
[BlackElo "2814"]
[Result "0-1"]
[Round "6"]
[TimeControl "180+2"]
[Date "2023.07.04"]
[WhiteClock "0:00:10"]
[BlackClock "0:00:13"]
[Board "24"]

1. e4 c5 2. Nf3 e6 3. b3 b6 4. Bb2 Bb7 5. Qe2 Nc6 6. d4 cxd4 7. Nxd4 Nxd4 8. Bxd4 Nf6 9. f3 d5 10. Qb5+ Nd7 11. exd5 Bxd5 12. Nc3 Qh4+ 13. Bf2 Qf6 14. Nxd5 Qxa1+ 15. Kd2 exd5 16. Qxd7+ Kxd7 17. Bb5+ Kc7 18. Rxa1 Bc5 19. Bg3+ Bd6 20. Bd3 Bxg3 21. hxg3 h6 22. a4 Rhe8 23. a5 Kc6 24. a6 Rad8 25. Kc3 d4+ 26. Kb4 Re5 27. Rh1 Rg5 28. g4 Re5 29. f4 Re3 30. g5 hxg5 31. fxg5 g6 32. Rh7 Rf8 33. Bb5+ Kd6 34. Bc4 Ke7 35. Rh4 Re5 36. Rxd4 Rxg5 37. Re4+ Kd6 38. Rd4+ Kc6 39. Be2 Re8 40. Bf3+ Kc7 41. Rc4+ Rc5 42. Rxc5+ bxc5+ 43. Kxc5 Re6 44. Bb7 f5 45. c4 g5 46. b4 g4 47. b5 f4 48. Bd5 Re5 49. Kd4 Re1 50. c5 f3 51. gxf3 g3 52. b6+ axb6 53. a7 Ra1 54. cxb6+ Kxb6 55. f4 Kxa7 56. Ke3 Rf1 57. Bf3 Kb6 58. f5 Kc7 59. Ke2 Rf2+ 60. Ke3 Kd6 61. Kf4 g2 0-1


[Site "https://www.chess.com"]

[Event "Titled Tuesday Blitz July 4 Late 2023"]
[White "Philippe, Guillaume"]
[Black "Rustemov, Alexander"]
[WhiteFideId "36048763"]
[BlackFideId "4119002"]
[WhiteElo "2462"]
[BlackElo "2813"]
[Result "1/2-1/2"]
[Round "6"]
[TimeControl "180+2"]
[Date "2023.07.04"]
[WhiteClock "0:00:45"]
[BlackClock "0:00:07"]
[Board "25"]

1. e4 e6 2. d4 d5 3. Nc3 dxe4 4. Nxe4 Bd7 5. Bd3 Bc6 6. c3 Nd7 7. Nf3 Ngf6 8. Qe2 Nxe4 9. Bxe4 Bxe4 10. Qxe4 c6 11. O-O Be7 12. Bf4 O-O 13. Rfe1 Re8 14. h3 Qa5 15. a4 Rad8 16. b4 Qd5 17. Qxd5 cxd5 18. Kf1 Rc8 19. Rec1 Nb6 20. Ke2 Nc4 21. Ra2 f6 22. Nd2 Kf7 23. Nxc4 Rxc4 24. Kd3 Rec8 25. Rac2 b6 26. Bd2 e5 27. Be3 e4+ 28. Kd2 Bd6 29. f4 exf3 30. gxf3 g5 31. Kd3 Kg6 32. a5 bxa5 33. bxa5 Kf5 34. Rb1 a6 35. Rb6 R8c6 36. Rxc6 Rxc6 37. c4 dxc4+ 38. Rxc4 Rxc4 39. Kxc4 Ke6 40. Bd2 h5 41. Be3 Be7 42. d5+ Kd7 43. Bd2 f5 44. Kd4 Bf6+ 45. Kc5 g4 46. hxg4 fxg4 47. fxg4 hxg4 48. Be3 Bd8 49. Kb4 Kd6 50. Kc4 Bxa5 51. Bf2 Bc7 52. Bg3+ Kd7 53. Bf2 g3 54. Bg1 Kd6 55. Bc5+ Ke5 56. Bg1 a5 57. Kc5 Bd6+ 58. Kb5 Bb4 59. Kc4 Be1 60. Bb6 a4 61. Bc7+ Kf6 62. Bxg3 Bxg3 63. Kb4 Ke5 64. Kxa4 Kxd5 1/2-1/2


[Site "https://www.chess.com"]

[Event "Titled Tuesday Blitz July 4 Late 2023"]
[White "Naroditsky, Daniel"]
[Black "Taboas Rodriguez, Daniel"]
[WhiteFideId "2026961"]
[BlackFideId "2208466"]
[WhiteElo "3126"]
[BlackElo "2481"]
[Result "1-0"]
[Round "6"]
[TimeControl "180+2"]
[Date "2023.07.04"]
[WhiteClock "0:00:04"]
[BlackClock "0:00:00"]
[Board "26"]

1. e4 e5 2. Nf3 Nc6 3. Nc3 Nf6 4. d4 exd4 5. Nd5 Be7 6. Bd3 O-O 7. O-O d6 8. h3 Be6 9. Nxe7+ Nxe7 10. Nxd4 Bd7 11. b3 Nc6 12. Bb2 Re8 13. Re1 Nxd4 14. Bxd4 Bc6 15. Qf3 Nd7 16. Qg3 f6 17. f4 Nc5 18. Bxc5 dxc5 19. Bc4+ Kh8 20. Rad1 Qe7 21. e5 Rad8 22. Rxd8 Qxd8 23. Bd3 Qd5 24. Kh2 a6 25. Re2 fxe5 26. fxe5 b5 27. Qh4 h6 28. Qf4 Qe6 29. c4 Rd8 30. Bf5 Rf8 31. Bxe6 Rxf4 32. cxb5 axb5 33. Rc2 c4 34. bxc4 b4 35. Bd5 Bxd5 36. cxd5 Rd4 37. Rxc7 Rxd5 38. e6 Re5 39. e7 Kh7 40. Rb7 Kg6 41. Kg3 Kf6 42. Rxb4 Rxe7 43. a4 Re3+ 44. Kf4 Ra3 45. h4 g6 46. Kg4 h5+ 47. Kf4 Ra2 48. Kf3 Ra3+ 49. Kf4 Ra2 50. g3 Ra3 51. Rb6+ Kf7 52. Ra6 Kg7 53. Ra8 Kh6 54. a5 Ra4+ 55. Ke5 Ra3 56. a6 Kg7 57. Kd6 Rxg3 58. Kc6 Ra3 59. Kb6 Rb3+ 60. Ka7 Rb4 61. Rb8 Rxh4 62. Rb2 Ra4 63. Kb7 h4 64. a7 Kh6 65. Kb8 Kh5 66. Kb7 g5 67. Kb6 h3 68. Rb3 1-0


[Site "https://www.chess.com"]

[Event "Titled Tuesday Blitz July 4 Late 2023"]
[White "Sargsyan, Shant"]
[Black "Kavyev, Ruslan"]
[WhiteFideId "13306766"]
[BlackFideId "34110981"]
[WhiteElo "2992"]
[BlackElo "2673"]
[Result "1-0"]
[Round "6"]
[TimeControl "180+2"]
[Date "2023.07.04"]
[WhiteClock "0:02:13"]
[BlackClock "0:00:13"]
[Board "27"]

1. g3 Nf6 2. c4 g6 3. Bg2 Bg7 4. Nc3 O-O 5. Nf3 d6 6. O-O Nc6 7. Rb1 Bd7 8. a3 e5 9. d3 Ng4 10. h3 Nf6 11. b4 a6 12. a4 Rb8 13. b5 axb5 14. axb5 Nd4 15. Kh2 Re8 16. Bg5 h6 17. Bxf6 Bxf6 18. e3 Nxf3+ 19. Qxf3 Bg7 20. Nd5 Be6 21. h4 h5 22. Rfc1 Bg4 23. Qe4 f5 24. Nf6+ Qxf6 25. Qd5+ Kh7 26. f3 f4 27. fxg4 fxg3+ 28. Kxg3 hxg4 29. Rf1 Qe7 30. Rf7 Qe6 31. Rxc7 1-0


[Site "https://www.chess.com"]

[Event "Titled Tuesday Blitz July 4 Late 2023"]
[White "Skatchkov, Valery"]
[Black "Kollars, Dmitrij"]
[WhiteFideId "24195812"]
[BlackFideId "12909572"]
[WhiteElo "2656"]
[BlackElo "2965"]
[Result "0-1"]
[Round "6"]
[TimeControl "180+2"]
[Date "2023.07.04"]
[WhiteClock "0:00:04"]
[BlackClock "0:00:18"]
[Board "28"]

1. d4 Nf6 2. c4 g6 3. Nc3 Bg7 4. e4 O-O 5. h3 d6 6. Bg5 c5 7. d5 b5 8. cxb5 a6 9. a4 Qa5 10. Bd2 axb5 11. Bxb5 Ba6 12. Ra3 Qb6 13. Nf3 Nbd7 14. O-O Rfb8 15. Re1 Bxb5 16. axb5 Ne8 17. Rxa8 Rxa8 18. Bg5 Kf8 19. Qd3 Nc7 20. Nd2 Qb7 21. f4 Rb8 22. e5 Nxb5 23. exd6 Bd4+ 24. Kh1 exd6 25. Nc4 Nxc3 26. bxc3 Qb3 27. Bh6+ Bg7 28. Bxg7+ Kxg7 29. Nxd6 Nf6 30. Re7 Rf8 31. Re5 Rd8 32. Nf5+ gxf5 33. Qg3+ Kh8 34. Qg5 Qb6 35. Re6 fxe6 36. Qxf6+ Kg8 37. Qxd8+ Qxd8 0-1


[Site "https://www.chess.com"]

[Event "Titled Tuesday Blitz July 4 Late 2023"]
[White "Xiong, Jeffery"]
[Black "Katz, Alexander"]
[WhiteFideId "2047640"]
[BlackFideId "2039796"]
[WhiteElo "2939"]
[BlackElo "2665"]
[Result "1-0"]
[Round "6"]
[TimeControl "180+2"]
[Date "2023.07.04"]
[WhiteClock "0:02:53"]
[BlackClock "0:01:56"]
[Board "29"]

1. e4 d6 2. d4 Nf6 3. Nc3 g6 4. Nf3 Bg7 5. Be3 O-O 6. Qd2 c6 7. Bh6 b5 8. Bd3 e5 9. Bxg7 Kxg7 10. dxe5 dxe5 11. Nxe5 Re8 12. f4 b4 13. Ne2 Qd4 14. Nxd4 1-0


[Site "https://www.chess.com"]

[Event "Titled Tuesday Blitz July 4 Late 2023"]
[White "De Prado Rodriguez, Oscar Bruno"]
[Black "Svane, Rasmus"]
[WhiteFideId "2203600"]
[BlackFideId "4657101"]
[WhiteElo "2651"]
[BlackElo "2932"]
[Result "0-1"]
[Round "6"]
[TimeControl "180+2"]
[Date "2023.07.04"]
[WhiteClock "0:00:40"]
[BlackClock "0:00:27"]
[Board "30"]

1. d4 Nf6 2. Bf4 d5 3. e3 c6 4. Nf3 Bf5 5. Ne5 Nbd7 6. g4 Nxe5 7. dxe5 Nxg4 8. h3 Nh6 9. Bxh6 gxh6 10. Bd3 Qd7 11. Nc3 Bg7 12. f4 O-O-O 13. Qh5 Bg6 14. Qf3 Bxd3 15. cxd3 d4 16. exd4 Kb8 17. Ne2 e6 18. O-O-O Bf8 19. Rhf1 Bb4 20. f5 Ba5 21. fxe6 fxe6 22. Kb1 Bb6 23. Qf6 Bxd4 24. Nxd4 Qxd4 25. Qxe6 Rhe8 26. Qxh6 Qxe5 27. Qxh7 Rh8 28. Qe4 Qxe4 29. dxe4 Rxd1+ 30. Rxd1 Rxh3 31. Rd7 Re3 32. Re7 Re2 33. a3 a5 34. Ka2 Ka7 35. Kb3 Ka6 36. Kc3 b5 37. e5 Kb6 38. Re8 a4 39. e6 Kc5 40. Re7 Kd6 41. Rh7 Rxe6 42. Kb4 Re3 43. Rh6+ Kd5 44. Rh5+ Kd4 45. Rh4+ Kd3 46. Kc5 Kc2 47. Kxc6 Rb3 48. Rh2+ Kb1 49. Kc5 Ka2 50. Rf2 Rxb2 51. Rf3 Rb3 52. Rf2+ Kxa3 53. Rf1 Ka2 54. Rg1 a3 55. Rg2+ Rb2 56. Rg1 b4 57. Kc4 b3 58. Kc3 Rc2+ 59. Kd3 Rc8 60. Kd4 b2 61. Rg2 Ka1 62. Rg1+ b1=Q 63. Rxb1+ Kxb1 0-1


[Site "https://www.chess.com"]